 Dungeon Crawl Stone Soup version 0.29-a0-330-g52719c12eb (webtiles) character file.

Game seed: 17473926145735349780

58 Gwenloh the Poker (level 4, 0/35 HPs)
             Began as a Merfolk Gladiator on May 15, 2022.
             Slain by Terence
             ... wielding a +2 hand axe of electrocution
              (6 damage)
             ... on level 2 of the Dungeon.
             The game lasted 00:03:24 (1697 turns).

Gwenloh the Poker (Merfolk Gladiator)               Turns: 1697, Time: 00:03:25

Health: 0/35       AC:  5    Str: 14    XL:     4   Next: 2%
Magic:  4/4        EV: 14    Int:  7    God:
Gold:   50         SH:  0    Dex: 17    Spells: 3/3 levels left

rFire   . . .      SeeInvis .   a - +0 trident
rCold   . . .      Faith    .   (no shield)
rNeg    . . .      Spirit   .   b - +0 leather armour
rPois   .          Reflect  .   c - +0 helmet
rElec   .          Harm     .   i - +0 cloak
rCorr   .          Rampage  .   (no gloves)
Will    .....                   (no boots)
Stlth   +.........              (no amulet)
HPRegen 0.11/turn               (no ring)
MPRegen 0.09/turn               (no ring)

@: no status effects
A: (nimble swimmer 2), mertail
a: no special abilities


You were on level 2 of the Dungeon.
You visited 1 branch of the dungeon, and saw 2 of its levels.

You collected 50 gold pieces.

Inventory:

Hand Weapons
 a - a +0 trident (weapon)
Missiles
 d - 3 throwing nets
 e - a javelin
 f - 62 stones (quivered)
 g - 4 poisoned darts
 j - 5 datura-tipped darts
Armour
 b - a +0 leather armour (worn)
 c - a +0 helmet (worn)
 i - a +0 cloak (worn)
Jewellery
 h - an amulet of guardian spirit
Scrolls
 k - 2 scrolls of teleportation {unknown}
 l - 2 scrolls of identify {unknown}
 m - a scroll of summoning {unknown}
 n - a scroll of noise {unknown}


   Skills:
 + Level 3.2 Fighting
 + Level 4.9 Polearms
 - Level 2.0 Throwing
 + Level 4.8 Dodging


You had 3 spell levels left.
You didn't know any spells.
Your spell library contained the following spells:

 Spells                   Type           Power      Damage    Failure   Level
 Passage of Golubria      Tloc           0%         N/A       99%         4
 Silence                  Hex/Air        0%         N/A       100%        5
 Lehudib's Crystal Spear  Conj/Erth      0%         10d2      100%        8


Dungeon Overview and Level Annotations

Branches:
Dungeon (2/15)

Altars:

Shops:
D:2 [

Annotations:
D:2 Terence


Innate Abilities, Weirdness & Mutations

((You are very nimble when in or above water. (Stealth+, EV+, Speed+++)))
Your lower body shifts to a powerful aquatic tail in water.


Message History

f - 62 stones (gained 1)
You now have 50 gold pieces (gained 13).
k - 2 scrolls labelled LUQOBR UZIELUBB (gained 1)
Found a stone staircase leading up.
Terence the Incautious comes into view.
He is wielding a +2 hand axe of electrocution and wearing a +0 scale mail of willpower.
Found 16 gold pieces.
You reach to attack!
The helpless Terence fails to defend himself.
You hit Terence.
Terence is lightly wounded.
You hit Terence.
Terence is moderately wounded.
Terence hits you with a +2 hand axe of electrocution.
You hit Terence.
Terence is heavily wounded.
Terence hits you with a +2 hand axe of electrocution.
You are electrocuted!
* * * LOW HITPOINT WARNING * * *
You are too injured to fight recklessly!
You are too injured to fight recklessly!
You aren't carrying any potions.
Throw: 62 stones
Press: ? - help, Q - select action, (/) - cycle Shift-Dir - straight line, f - you, p - Terence
Okay, then.
Terence attacks as you move away! Terence completely misses you.
Terence says, "You're history."
Terence attacks as you move away! Terence closely misses you.
Terence attacks as you move away!
Terence hits you with a +2 hand axe of electrocution.
* * * LOW HITPOINT WARNING * * *
You puncture Terence!
Terence is almost dead.
Terence barely misses you.
You closely miss Terence.
Terence is almost dead.
Terence closely misses you.
You barely miss Terence.
Terence is almost dead.
Terence hits you with a +2 hand axe of electrocution.
You die...

###.#### #.
#......## ##
#.......#
#.#.##..#
#...##..#
##.###
#....#..#
......
#.##.#..#
##.###
#.......#
#.<.@...#
####@####
#.# #.# ###
#.# .. #.#
.#
#.###.####.$
#...........
#####.####..


You could see Terence.

Vanquished Creatures
  An adder (D:2)
  2 dart slugs (D:2)
  4 bats (D:1)
  3 endoplasms (D:1)
  A giant cockroach (D:2)
  2 goblins (D:2)
  5 hobgoblins
  4 jackals (D:1)
  3 quokkas (D:1)
  6 ball pythons
  3 frilled lizards
  4 kobolds (D:1)
  4 rats
42 creatures vanquished.

Notes
Turn   | Place    | Note
-------+----------+-------------------------------------------
     0 | D:1      | Gwenloh the Merfolk Gladiator began the quest for the Orb.
     0 | D:1      | Reached XP level 1. HP: 16/16 MP: 1/1
   227 | D:1      | Reached XP level 2. HP: 23/23 MP: 2/2
   294 | D:1      | Found a faded altar of an unknown god.
   640 | D:1      | Reached XP level 3. HP: 28/28 MP: 3/3
  1096 | D:2      | Found Ycida's Armour Emporium.
  1578 | D:2      | Reached XP level 4. HP: 35/35 MP: 4/4
  1682 | D:2      | Noticed Terence
  1697 | D:2      | Slain by Terence

Illustrated notes

Levels and vault maps discovered:
D:1:      dpeg_arrival_arbitrary_a, layout_basic,
          ebering_ecumenical_altar_sacrificial
D:2:      layout_loops_cross, serial_shops, nicolae_shop_statue_plus,
          hex_medium, uniq_terence

Skill      XL: |  1  2  3 |
---------------+----------+-----
Fighting       | 3 |  3.2
Polearms       | |  4.9
Throwing       | |  2.0
Dodging        | |  4.8

Action                   |  1- 3 |  4- 6 || total
-------------------------+-------+-------++-------
Melee: Trident           |    69 |     9 ||    78
Throw: Stone             |    65 |     2 ||    67
 Stab: Sleeping          |     1 |     1 ||     2
Armor: Leather armour    |     7 |     1 ||     8
Dodge: Dodged            |    32 |     4 ||    36

Table legend: (Time is in decaauts)
 A = Elapsed time spent in this place.
 B = Non-inter-level travel time spent in this place.
 C = Inter-level travel time spent in this place.
 D = Time resting spent in this place.
 E = Time spent auto-exploring this place.
 F = Levels seen in this place.
 G = Mean time per level.
                   A        B        C        D        E       F      G
               +--------+--------+--------+--------+--------+-----+--------+
         Total |   1703 |   1629 |     74 |     89 |   1183 |   2 |  851.5 |
       Dungeon |   1703 |   1629 |     74 |     89 |   1183 |   2 |  851.5 |
               +--------+--------+--------+--------+--------+-----+--------+

Top non-repeatable levels by time:
     D:1: 1143 daAuts
     D:2: 560 daAuts
